 Dungeon Crawl Stone Soup version 0.20-a0-700-gbd4582c (webtiles) character file.

841 AlphabetPasta the Gusty (level 7, 0/46 HPs)
             Began as a Vampire Air Elementalist on Feb 20, 2017.
             Shot with an arrow by a centaur (8 damage)
             ... on level 5 of the Dungeon.
             The game lasted 00:33:43 (9656 turns).

AlphabetPasta the Gusty (Vampire Air Elementalist)  Turns: 9656, Time: 00:33:43

Health: 0/46       AC:  5    Str:  7    XL:     7   Next: 67%
Magic:  8/12       EV: 13    Int: 20    God:
Gold:   145        SH:  0    Dex: 14    Spells: 3/13 levels left

rFire    + . .     SeeInvis +   t - +1 rapier (drain)
rCold    + + .     Gourm    .   a - +1 robe
rNeg     + + +     Faith    .   (no shield)
rPois    ∞         Spirit   .   A - +1 hat
rElec    .         Reflect  .   (no cloak)
rCorr    .         Harm     .   (no gloves)
MR       .....                  u - +0 pair of boots
Stlth    ++++++....             (no amulet)
Regen    0.0/turn               n - ring of protection from fire
MPRegen  0.2/turn               s - ring of stealth

@: bloodless, non-regenerating
A: fangs 3, see invisible, unbreathing
a: Bat Form


You were on level 5 of the Dungeon.
You were bloodless.

You visited 1 branch of the dungeon, and saw 6 of its levels.

You collected 362 gold pieces.
You spent 217 gold pieces at shops.

Inventory:

Hand Weapons
 d - a +0 short sword
 t - a +1 rapier of draining (weapon)
Armour
 a - a +1 robe (worn)
 u - a +0 pair of boots (worn)
 v - a +0 buckler
 A - a +1 hat (worn)
Jewellery
 n - a ring of protection from fire (right hand)
 o - an uncursed ring of ice
 s - a ring of stealth (left hand)
Wands
 i - a wand of enslavement (15/24)
 m - a wand of digging (15/24)
Scrolls
 p - 2 scrolls of remove curse
 x - 3 scrolls of magic mapping
Potions
 c - 10 potions of blood
 e - a potion of brilliance
 f - a potion of flight
 g - a potion of cancellation
 h - 3 potions of heal wounds
 j - a potion of resistance {unknown}
 k - a potion of curing
 l - a potion of ambrosia {unknown}
 q - a potion of agility {unknown}
 z - a potion of lignification {unknown}
Books
 b - a book of Air

   Spells                             Type                      Level
   a - Shock                          Conjuration/Air              1
   b - Swiftness                      Charms/Air                   2
   c - Static Discharge               Conjuration/Air              3
   d - Airstrike                      Air                          4
   e - Lightning Bolt                 Conjuration/Air              5


   Skills:
 + Level 2.1 Short Blades
 + Level 3.1 Dodging
 + Level 4.7 Stealth
 + Level 1.2 Shields
 + Level 3.7 Spellcasting
 + Level 3.0 Conjurations
 * Level 6.0 Air Magic


You had 3 spell levels left.
You knew the following spells:

 Your Spells              Type           Power        Failure   Level  Hunger
a - Shock                 Conj/Air       ###.         2%          1    None
b - Swiftness             Chrm/Air       ###.....     10%         2    ##.....
c - Static Discharge      Conj/Air       ###.....     10%         3    ###....
d - Airstrike             Air            ####......   14%         4    ####...


Dungeon Overview and Level Annotations

Branches:
Dungeon (6/15)
 Temple: D:4-7

Altars:
Cheibriados

Shops:
D:5 [*

Annotations:
D:3 RebelPilot31's ghost, amateur DgIE
D:5 Grinder


Innate Abilities, Weirdness & Mutations

You do not heal naturally.
You are immune to poison.
You have razor-sharp teeth.
You have supernaturally acute eyesight. (SInv)
You can survive without breathing.


Message History

Confirm with . or Enter, or press ? or * to list all spells.
Aiming: Airstrike
Press: ? - help, Dir - move target cursor, f - sky beast
Aim: a sky beast The air twists around and violently strikes the sky beast!
The sky beast is heavily wounded.
You hear a shout!
The centaur shoots an arrow.
The arrow hits you!
The sky beast flickers out of sight for a moment.
Casting: Airstrike
Confirm with . or Enter, or press ? or * to list all spells.
You don't know that spell.
The centaur shoots an arrow.
The arrow misses the sky beast.
The arrow hits you!
* * * LOW HITPOINT WARNING * * *
You see here an arrow.
Unknown command.
The centaur shoots an arrow.
The arrow misses the sky beast.
The arrow hits you!
You die...

...##......#............
########.#......(..######.#.##
5.................(# #.#.#
.......>...#######.### #.#.#
........c#########...# #.#.#
..................##.####.#.#
#####..#.c######..........#..
.......(Y(.###..%..######.
###.....###@####.#..#
....#...##.#....#..#
#####.#.##.#.####..#
#.#.##(#.#..#..#
#.#.##.#.#.....#### .
#..#.#.#.......... #
#..#.#.#..#.######
#....#.#..#.# ##...#.#..#.#


You could see a sky beast (invisible) and a centaur.

Vanquished Creatures
  A sky beast (D:4)
  A centaur (D:6)
  2 ogres
  A scorpion (D:4)
  A howler monkey (D:6)
  A hound (D:6)
  An orc priest (D:6)
  A centaur skeleton (D:4)
  3 worker ants
  10 adders
  A shadow imp (D:5)
  3 oozes
  3 adder skeletons
  6 worms
  2 dart slugs (D:2)
  4 leopard geckos
  11 orcs
  2 ball pythons
  9 bats
  5 giant cockroaches
  3 goblins
  10 hobgoblins
  8 jackals
  2 quokkas
  7 frilled lizards
  9 kobolds
  A quokka skeleton (D:4)
  A quokka zombie (D:6)
  5 rats
114 creatures vanquished.

Vanquished Creatures (others)
  A plant (D:1)
1 creature vanquished.

Grand Total: 115 creatures vanquished

Notes
Turn   | Place    | Note
-------+----------+-------------------------------------------
     0 | D:1      | AlphabetPasta the Vampire Air Elementalist began the quest for the Orb.
     0 | D:1      | Reached XP level 1. HP: 13/13 MP: 3/3
   540 | D:1      | Reached skill level 1 in Conjurations
   540 | D:1      | Reached XP level 2. HP: 19/19 MP: 1/5
   544 | D:1      | Learned a level 2 spell: Swiftness
  1464 | D:2      | Reached XP level 3. HP: 24/24 MP: 4/6
  1519 | D:2      | Learned a level 3 spell: Static Discharge
  1537 | D:2      | Learned a level 3 spell: Static Discharge
  2385 | D:2      | Reached skill level 4 in Air Magic
  2385 | D:2      | Reached XP level 4. HP: 15/30 MP: 0/8
  3118 | D:3      | Noticed RebelPilot31's ghost (amateur DgIE)
  3552 | D:3      | Reached XP level 5. HP: 9/35 MP: 0/9
  3558 | D:3      | Learned a level 4 spell: Airstrike
  4304 | D:3      | Found a snail-covered altar of Cheibriados.
  5443 | D:4      | Noticed an ogre
  6428 | D:4      | Reached skill level 5 in Air Magic
  6428 | D:4      | Reached XP level 6. HP: 10/41 MP: 1/10
  6660 | D:3      | Reached skill level 1 in Short Blades
  6784 | D:5      | Entered Level 5 of the Dungeon
  6784 | D:5      | Found Naoth's Armour Emporium.
  6796 | D:5      | Bought a +0 buckler for 49 gold pieces
  6904 | D:5      | Noticed a sky beast
  6913 | D:5      | HP: 1/41 [sky beast (5)]
  6922 | D:5      | Noticed Grinder
  7747 | D:4      | Killed a sky beast
  8200 | D:5      | Found Pehesuun's Assorted Antiques.
  8207 | D:5      | Bought a scroll labeled KAOHUCZ VIHORR for 24 gold pieces
  8207 | D:5      | Bought a scroll labeled NIONGO LOIF for 24 gold pieces
  8207 | D:5      | Bought a scroll of identify for 48 gold pieces
  8207 | D:5      | Bought 2 scrolls labeled MOMEIB KYJENAE for 48 gold pieces
  8207 | D:5      | Bought a scroll labeled BULAXZ JISUSCHOMM for 24 gold pieces
  8296 | D:5      | Noticed a sky beast
  8468 | D:5      | Reached XP level 7. HP: 26/46 MP: 7/12
  8600 | D:6      | Got a wizard robe
  8611 | D:6      | Identified the +2 robe of the Mind {-Cast rElec rPois Regen+} (You found it on level 6 of the Dungeon)
  8738 | D:6      | Reached skill level 1 in Shields
  9396 | D:6      | Reached skill level 6 in Air Magic
  9656 | D:5      | Shot with an arrow by a centaur

Vault maps used:
D:1:      ncdulo_smallfort, kennysheep_another_room, eino_curves_04,
          serial_bayou_pond_c, serial_bayou_ford_a, hangedman_decor_growths
D:3:      old_standard_altar, serial_bayou, serial_bayou_pond_a,
          serial_bayou_lagoon_a, serial_bayou_pond_d, serial_bayou_pond_b,
          minmay_bisected
D:5:      serial_shops, nicolae_shop_statue_plus, shop_statue,
          nicolae_shop_crystal, nicolae_shop_overgrown_old_shop, first_bread,
          uniq_grinder

Skill      XL: |  1  2  3  4  5  6  7 |
---------------+----------------------+-----
Conjurations   | 1 2 3 |  3.0
Air Magic      | 4 5 6 |  6.0
Spellcasting   | 3 |  3.7
Short Blades   | 1 2 |  2.1
Stealth        | 4 |  4.7
Shields        | 1 |  1.2
Dodging        | 3 |  3.1

Action                   |  1- 3 |  4- 6 |  7- 9 || total
-------------------------+-------+-------+-------++-------
Melee: Short sword       |    20 |    41 |       ||    61
       Bite              |     1 |     8 |     9 ||    18
       Rapier            |       |    36 |    36 ||    72
 Cast: Shock             |    94 |   148 |    11 ||   253
       Static Discharge  |     1 |    22 |     7 ||    30
       Airstrike         |       |     4 |     1 ||     5
 Abil: End Transformatio |       |     1 |       ||     1
       Bat Form          |       |     1 |       ||     1
  Use: Scroll            |     4 |    10 |     6 ||    20
       Potion            |     3 |    19 |       ||    22
 Stab: Sleeping          |     1 |     1 |     3 ||     5
Armor: Robe              |     5 |    16 |     5 ||    26
Dodge: Dodged            |    11 |    84 |    23 ||   118
